 Dungeon Crawl Stone Soup version 0.25-a0-589-g1e14c549ee (console) character file.

Game seed: 6608082598816905231, levelgen mode: classic

1402 Duffy the Chopper (level 8, -1/69 HPs)
             Began as a Naga Fighter on Mar 12, 2020.
             Was a Follower of the Shining One.
             Slain by an orc warrior
             ... wielding a +0 dire flail
              (21 damage)
             ... on level 6 of the Dungeon.
             The game lasted 00:04:27 (4829 turns).

Duffy the Chopper (Naga Fighter)                    Turns: 4829, Time: 00:04:27

Health: -1/69      AC: 12    Str: 18    XL:     8   Next: 69%
Magic:  8/8        EV:  6    Int: 10    God:    the Shining One [*.....]
Gold:   306        SH: 11    Dex: 11    Spells: 7/7 levels left

rFire    . . .     SeeInvis +   a - +0 war axe
rCold    . . .     Gourm    .   c - +1 kite shield
rNeg     . . .     Faith    .   b - +0 scale mail
rPois    +         Spirit   .   j - +3 crown of Dyrovepreva {rElec Int+2 SInv}
rElec    +         Reflect  .   (no cloak)
rCorr    .         Harm     .   m - +2 pair of gloves
MR       +++..     Rnd*Rage +   (no barding)
Stlth    ..........             g - necklace of Bloodlust {*Rage +Rage MR++ Int-3 Slay+6 *Curse} (curse)
HPRegen  0.21/turn              (no ring)
MPRegen  0.11/turn              (no ring)

@: glowing, very slow
A: large, see invisible, deformed body, poison resistance, slowness 2, slow
metabolism 1, spit poison 1, AC +2
a: Spit Poison, Renounce Religion, Evoke Berserk Rage


You were on level 6 of the Dungeon.
You worshipped the Shining One.
The Shining One was aware of your devotion.
You were very hungry.

You visited 1 branch of the dungeon, and saw 7 of its levels.

You collected 306 gold pieces.

Inventory:

Hand Weapons
 a - a +0 war axe (weapon)
 i - the +5 hand axe of Ynnoufob {drain, *Contam rF+ MP+9}
   (You found it on level 5 of the Dungeon)

   A truly terrible weapon, it drains the life of those it strikes.
   It protects you from fire.
   It affects your magic capacity (+9).
   It causes magical contamination when unequipped.
   The Shining One disapproves of the use of such an item.
Armour
 b - a +0 scale mail (worn)
 c - a +1 kite shield (worn)
 j - the +3 crown of Dyrovepreva (worn) {rElec Int+2 SInv}
   (You found it on level 5 of the Dungeon)

   It affects your intelligence (+2).
   It insulates you from electricity.
   It lets you see invisible.
 m - a +2 pair of gloves (worn)
Jewellery
 g - the cursed necklace of Bloodlust (around neck) {*Rage +Rage MR++ Int-3 Slay+6 *Curse}
   (You found it on level 4 of the Dungeon)

   [amulet of rage]

   It affects your intelligence (-3).
   It affects your accuracy and damage with ranged weapons and melee attacks
   (+6).
   It affects your resistance to hostile enchantments.
   It lets you go berserk.
   It may make you go berserk in combat.
   It curses itself when equipped.
   It has a curse placed upon it.
Wands
 k - a wand of acid (5)
Scrolls
 h - a scroll of remove curse
 o - 5 scrolls of magic mapping
Potions
 d - 2 potions of might
 e - 2 potions of curing
Comestibles
 f - 6 rations


   Skills:
 - Level 3.0 Fighting
 + Level 7.8 Axes
 - Level 2.4 Armour
 * Level 6.4 Shields


You had 7 spell levels left.
You didn't know any spells.
Your spell library contained the following spells:

 Spells                   Type           Power        Failure   Level  Hunger
 Corona                   Hex            #......      91%         1    ##.....
 Ensorcelled Hibernation  Hex/Ice        #.....       97%         2    ###....
 Confusing Touch          Hex            #.......     99%         3    ####...
 Dazzling Flash           Conj/Hex       #.....       99%         3    ####...
 Tukima's Dance           Hex            #.......     99%         3    ####...


Dungeon Overview and Level Annotations

Branches:
Dungeon (7/15)             Temple (0/1) D:4

Altars:
Dithmenos
Fedhas
Sif Muna
The Shining One


Innate Abilities, Weirdness & Mutations

You cannot wear boots.
Your serpentine skin is tough. (AC +2)
You have supernaturally acute eyesight. (SInv)
Armour fits poorly on your strangely shaped body.
Your system is resistant to poisons. (rPois)
You cover ground very slowly.
You have a slow metabolism.
You can spit poison.


Message History

You kill the gnoll!
You hit the orc warrior.
The orc warrior is moderately wounded.
The orc warrior hits you with a +0 dire flail!
You are too injured to fight recklessly!
You are too injured to fight recklessly!
You are too injured to fight recklessly!
You are too injured to fight recklessly!
You are too injured to fight recklessly!
You are too injured to fight recklessly!
You are too injured to fight recklessly!
You are too injured to fight recklessly!
You are too injured to fight recklessly!
You are too injured to fight recklessly!
You are too injured to fight recklessly!
You are too injured to fight recklessly!
You completely miss the orc warrior.
The orc warrior is moderately wounded.
The orc warrior hits you with a +0 dire flail!!
You die...

####.# .
..#.#
#.#.#
#####.#.#
#.......#
...###.###
#.#
#.#####.#
#..o@)..#
#########


You could see an orc warrior.

Vanquished Creatures
  Sigmund (D:5)
  Menkaure (D:5)
  An ice beast (D:6)
  4 ogres
  2 scorpions
  A howler monkey (D:5)
  A crimson imp (D:5)
  A centaur zombie (D:5)
  2 hounds (D:5)
  2 orc priests
  A gnoll shaman (D:6)
  Jessica (D:3)
  3 worker ants
  2 orc wizards
  A gnoll (D:6)
  7 adders
  A shadow imp (D:5)
  2 oozes (D:1)
  An adder zombie (D:5)
  3 worms (D:2)
  A dart slug (D:1)
  4 leopard geckos
  15 orcs
  13 giant cockroaches
  4 goblins
  5 hobgoblins
  3 jackals (D:3)
  2 ball pythons
  11 bats
  A frilled lizard (D:3)
  13 kobolds
  A leopard gecko skeleton (D:5)
  7 rats
118 creatures vanquished.

Notes
Turn   | Place    | Note
-------+----------+-------------------------------------------
     0 | D:1      | Duffy the Naga Fighter began the quest for the Orb.
     0 | D:1      | Reached XP level 1. HP: 21/21 MP: 1/1
   250 | D:1      | Reached XP level 2. HP: 27/28 MP: 2/2
   751 | D:1      | Reached XP level 3. HP: 30/34 MP: 3/3
   941 | D:1      | Reached skill level 3 in Axes
   964 | D:1      | Reached XP level 4. HP: 37/42 MP: 4/4
  1605 | D:3      | Reached XP level 5. HP: 41/49 MP: 5/5
  1634 | D:3      | Found a glowing golden altar of the Shining One.
  1639 | D:3      | Became a worshipper of the Shining One
  1725 | D:3      | Reached skill level 4 in Axes
  1768 | D:3      | Found a shadowy altar of Dithmenos.
  2206 | D:3      | Noticed Jessica
  2219 | D:3      | Killed Jessica
  2228 | D:3      | Found a shimmering blue altar of Sif Muna.
  2595 | D:4      | Noticed an ogre
  2603 | D:4      | Killed an ogre
  2603 | D:4      | Reached skill level 5 in Axes
  2603 | D:4      | Reached XP level 6. HP: 20/56 MP: 6/6
  2950 | D:4      | Found the cursed necklace of Bloodlust {*Rage +Rage MR++
                  | Int-3 Slay+6 *Curse}
  2954 | D:4      | Found a blossoming altar of Fedhas.
  3073 | D:4      | Reached XP level 7. HP: 26/62 MP: 7/7
  3313 | D:4      | Found a staircase to the Ecumenical Temple.
  3593 | D:4      | Reached skill level 6 in Axes
  3640 | D:5      | Entered Level 5 of the Dungeon
  3654 | D:5      | Noticed Sigmund
  3664 | D:5      | Killed Sigmund
  3664 | D:5      | Reached skill level 7 in Axes
  3780 | D:5      | Reached skill level 5 in Shields
  3819 | D:5      | Reached XP level 8. HP: 69/69 MP: 8/8
  3872 | D:5      | Reached * piety under the Shining One
  4115 | D:5      | Got an iridescent hand axe
  4116 | D:5      | Identified the +5 hand axe of Ynnoufob {drain, *Contam rF+
                  | MP+9} (You found it on level 5 of the Dungeon)
  4573 | D:5      | Noticed Menkaure
  4577 | D:5      | Killed Menkaure
  4720 | D:5      | Found a shimmering blue altar of Sif Muna.
  4721 | D:5      | Found the +3 crown of Dyrovepreva {rElec Int+2 SInv}
  4829 | D:6      | Slain by an orc warrior

Levels and vault maps discovered:
D:1:      minmay_arrival_checkered_box, layout_loops_ring
D:2:      layout_rooms
D:3:      layout_loops_ring, grunt_dithmenos_smoke_and_mirrors,
          lemuel_crystal_altar, first_ration, chequers_serial_rivers_small_b,
          tgw_sif
D:4:      layout_basic, fedhas_altar_3, temple_pool_b
D:5:      layout_basic, marbit_many_paths, uniq_sigmund, uniq_menkaure
D:6:      minmay_goblin_kobold_castle, layout_loops_corners
D:7:      layout_rooms, elyvilon_altar_1

Skill      XL: |  1  2  3  4  5  6  7  8 |
---------------+-------------------------+-----
Shields        | 3 4 5 6 |  6.4
Axes           | 3 5 7 |  7.8
Fighting       | |  3.0
Armour         | |  2.4

Action                   |  1- 3 |  4- 6 |  7- 9 || total
-------------------------+-------+-------+-------++-------
Melee: War axe           |    56 |   243 |    78 ||   377
 Abil: Spit Poison       |     4 |     1 |     2 ||     7
  Use: Scroll            |       |     8 |     1 ||     9
       Potion            |       |     6 |       ||     6
  Eat: Chunk             |       |     6 |     4 ||    10
Armor: Scale mail        |    61 |   162 |    32 ||   255
Dodge: Dodged            |    19 |    70 |    27 ||   116
Block: Kite shield       |    37 |   148 |    55 ||   240

Table legend:
 A = Non-vault XP
 B = Vault XP
 C = Vault XP percentage of total XP
 D = Non-vault monster count
 E = Vault monster count
 F = Vault count percentage of total count
                 A         B        C        D         E       F
            +---------+---------+-------+---------+---------+-------
      Total |    1458 |     546 |  27.2 |     110 |       8 |   6.8
            +---------+---------+-------+---------+---------+-------
        D:1 |      88 |       0 |   0.0 |      18 |       0 |   0.0
        D:2 |      49 |       0 |   0.0 |      22 |       0 |   0.0
        D:3 |     124 |      37 |  23.0 |      33 |       1 |   2.9
        D:4 |     494 |       0 |   0.0 |      10 |       0 |   0.0
        D:5 |     505 |     504 |  50.0 |      22 |       3 |  12.0
        D:6 |     198 |       5 |   2.5 |       5 |       4 |  44.4
            +---------+---------+-------+---------+---------+-------
